 Dungeon Crawl Stone Soup version 0.31-a0-986-g5e6e4ef867 (webtiles) character file.

Game seed: 820230338405268142

114 Strat the Chopper (level 4, -1/38 HPs)
             Began as a Hill Orc Reaver on Nov 9, 2023.
             Slain by a quasit (3 damage)
             ... summoned by Eustachio
             ... on level 4 of the Dungeon.
             The game lasted 00:04:48 (2797 turns).

Strat the Chopper (Hill Orc Reaver)                 Turns: 2797, Time: 00:04:49

Health: -1/38      AC:  3    Str: 16      XL:     4   Next: 98%
Magic:  15/15      EV: 11    Int: 19      God:
Gold:   224        SH:  0    Dex:  8 (9)  Spells: 3/6 levels left

rFire   . . .        a - +0 hand axe
rCold   . . .        q - orb {light}
rNeg    . . .        b - +0 leather armour
rPois   .            (no helmet)
rElec   .            (no cloak)
rCorr   .            (no gloves)
SInv    .            (no boots)
Will    .....        (no amulet)
Stlth   +            l - ring of magical power
HPRegen 0.26/turn    m - +6 ring of intelligence
MPRegen 0.14/turn

%: no passive effects
@: glowing
A: no striking features
a: no special abilities


You were on level 4 of the Dungeon.
You visited 1 branch of the dungeon, and saw 4 of its levels.

You collected 224 gold pieces.

Inventory:

Hand Weapons
 a - a +0 hand axe (weapon)
Missiles
 j - 5 poisoned darts
 p - 3 curare-tipped darts
Armour
 b - a +0 leather armour (worn)
 e - a +0 ring mail
 q - an orb of light (worn)
Jewellery
 l - a ring of magical power (left hand)
 m - a +6 ring of intelligence (right hand)
 n - an amulet of regeneration
Scrolls
 c - a scroll of blinking {unknown}
 d - a scroll of poison {unknown}
 g - 2 scrolls of identify {unknown}
 k - 2 scrolls of vulnerability {unknown}
 o - 2 scrolls of teleportation {unknown}
Potions
 f - a potion of degeneration {unknown}
 h - a potion of heal wounds {unknown}
 i - a potion of ambrosia {unknown}
 r - a potion of brilliance {unknown}


   Skills:
 + Level 3.2 Fighting
 + Level 6.4 Axes
 + Level 1.6 Armour
 - Level 1.5 Dodging
 - Level 1.5 Spellcasting
 - Level 3.0 Conjurations


You had 3 spell levels left.
You knew the following spells:

 Your Spells              Type           Power      Damage    Failure   Level
a - Kiss of Death         Conj/Necr      28%        2d7       12%         1
b - Momentum Strike       Conj/Tloc      14%        3d8       19%         2

Your spell library contained the following spells:

 Spells                   Type           Power      Damage    Failure   Level
 Hailstorm                Conj/Ice       7%         3d4       34%         3
 Call Canine Familiar     Summ           1%         N/A       54%         3
 Sigil of Binding         Hex            1%         N/A       54%         3
 Dimensional Bullseye     Hex/Tloc       0%         N/A       91%         4
 Leda's Liquefaction      Hex/Erth       0%         N/A       91%         4


Dungeon Overview and Level Annotations

Branches:
Dungeon (4/15)
 Temple: D:4-7

Altars:

Portals:
Abyss: D:3

Annotations:
D:3 1 transporter, Robin; kaesle's ghost, amateur HOFi
D:4 Eustachio


Message History

You hit Eustachio. The adder bites you but does no damage.
Eustachio mumbles some strange words.
You barely miss the adder.
The adder is severely wounded.
You barely miss Eustachio. The adder bites you.
* * * LOW HITPOINT WARNING * * *
The crimson imp blinks!
Eustachio hits you with a +0 falchion!
* * * LOW HITPOINT WARNING * * *
You hit the adder.
You kill the adder!
You hit the quasit. You hit Eustachio but do no damage. You hit the ufetubus.
The ufetubus closely misses you. The ufetubus hits you.
* * * LOW HITPOINT WARNING * * *
The quasit bites you.
* * * LOW HITPOINT WARNING * * *
The quasit claws you but does no damage.
The quasit misses you. The ufetubus barely misses you.
The ufetubus hits you but does no damage.
Eustachio mumbles some strange words.
Eustachio blinks!
The quasit attacks as it pursues you! The quasit barely misses you. x2
The quasit claws you.
* * * LOW HITPOINT WARNING * * *
Found a quarterstaff.
The quasit attacks as it pursues you! The quasit misses you.
The quasit barely misses you.
The quasit claws you but does no damage.
The quasit misses you. The quasit claws you.
* * * LOW HITPOINT WARNING * * *
The quasit claws you.
* * * LOW HITPOINT WARNING * * *
You hit the quasit but do no damage.
The quasit is lightly wounded.
The quasit closely misses you. The quasit claws you.
* * * LOW HITPOINT WARNING * * *
You feel clumsy.
The quasit claws you but does no damage.
You slash the quasit!
The quasit is severely wounded.
The quasit bites you.
You die...

...$. .... ...
.. #.## #..#
##.######
####.J55@..#
#.....#####....)
##.....)# ...
#......<# .
#..#.....# ..
#...5.# .
#)$...# ##...##
#...#


You could see a quasit (summoned), an ufetubus (summoned) and an endoplasm.

Vanquished Creatures
  4 adders
  A worm (D:3)
  A dart slug (D:1)
  7 ball pythons
  6 bats
  6 endoplasms
  A giant cockroach (D:1)
  12 goblins
  7 hobgoblins
  4 jackals
  2 quokkas (D:2)
  4 frilled lizards
  8 kobolds
  2 rats
65 creatures vanquished.

Notes
Turn   | Place    | Note
-------+----------+-------------------------------------------
     0 | D:1      | Strat the Hill Orc Reaver began the quest for the Orb.
     0 | D:1      | Reached XP level 1. HP: 18/18 MP: 3/3
   200 | D:1      | Reached XP level 2. HP: 25/25 MP: 4/4
   208 | D:1      | Learned a level 2 spell: Momentum Strike
   371 | D:1      | Reached skill level 5 in Axes
   752 | D:1      | Reached XP level 3. HP: 28/30 MP: 5/5
  1380 | D:2      | Reached skill level 6 in Axes
  1881 | D:3      | Found a transporter.
  1882 | D:3      | Noticed Robin
  1999 | D:3      | Noticed kaesle's ghost (amateur HOFi)
  2008 | D:3      | Found a one-way gate to the infinite horrors of the Abyss.
  2092 | D:3      | HP: 1/30 [worm (8)]
  2299 | D:2      | Reached XP level 4. HP: 23/37 MP: 6/6
  2495 | D:3      | Reached skill level 1 in Armour
  2782 | D:4      | Noticed Eustachio
  2797 | D:4      | Slain by a quasit

Illustrated notes

Levels and vault maps discovered:
D:1:      lightli_arrival_flooded_house, layout_basic, st_stairs_14
D:2:      layout_basic, serial_bayou_pond_b
D:3:      minmay_spotlight, layout_rooms, gammafunk_ghost_abyssal_escape,
          uniq_robin
D:4:      layout_cave_pods, tgw_kikubaaqudgha,
          minmay_temple_entry_gardened_gates, roderic_roman_lattice,
          uniq_duvessa, uniq_eustachio

Skill      XL: |  1  2  3  4 |
---------------+-------------+-----
Axes           | 5 6 |  6.4
Armour         | 1 |  1.6
Fighting       | 3 |  3.2
Dodging        | |  1.5
Spellcasting   | |  1.5
Conjurations   | |  3.0

Action                     |  1- 3 |  4- 6 || total
---------------------------+-------+-------++-------
  Melee: Hand axe          |   173 |    68 ||   241
         Punch             |     3 |       ||     3
 Armour: Leather armour    |   110 |    60 ||   170
  Dodge: Dodged            |   107 |    56 ||   163

Table legend: (Time is in decaauts)
 A = Elapsed time spent in this place.
 B = Non-inter-level travel time spent in this place.
 C = Inter-level travel time spent in this place.
 D = Time resting spent in this place.
 E = Time spent auto-exploring this place.
 F = Levels seen in this place.
 G = Mean time per level.
                   A        B        C        D        E       F      G
               +--------+--------+--------+--------+--------+-----+--------+
         Total |   2801 |   2654 |    147 |    356 |   1688 |   4 |  700.2 |
       Dungeon |   2801 |   2654 |    147 |    356 |   1688 |   4 |  700.2 |
               +--------+--------+--------+--------+--------+-----+--------+

Top non-repeatable levels by time:
     D:2: 1131 daAuts
     D:1: 1066 daAuts
     D:3: 589 daAuts
     D:4: 14 daAuts
